Gulls vs Eagles

Created - 4 octobre 2023 at 19:54

Goals
1 2 3 T
Gulls 0 0 1 1
Eagles 1 0 5 6
Shots
1 2 3 T
Gulls 6 1 8 15
Eagles 11 6 19 36

GoalsPenalties
1st period
1. Eagles , Jonny Brodzinski 4 (Kyle Clifford 3, Lias Andersson 6) at 17:38
Egor Sokolov (ANA) for Hooking (Minor) at 18:04
2nd period
No Goal
No Penalty
3rd period
2. Eagles , Gage Goncalves 2 (Lauri Pajuniemi 3, Henrik Borgstrom 5) at 11:11
3. Gulls , Hendrix Lapierre 3 (Egor Sokolov 5) at 11:34
4. Eagles , Nils Hoglander 11 (Zack MacEwen 9) at 11:51
5. Eagles , Lias Andersson 4 (Kyle Clifford 4, John Ludvig 3) at 13:42
6. Eagles , Gage Goncalves 3 (Lauri Pajuniemi 4, Tyler Sikura 2) at 15:01
7. Eagles , Brett Leason 4 (Zack MacEwen 10, Nils Hoglander 7) at 19:55 (PP)
Kyle Clifford (COL) for Fighting (Major) at 19:33
Hendrix Lapierre (ANA) for Fighting (Major) at 19:33
Alex Vlasic (ANA) for Roughing (Minor) at 19:38
Ty Emberson (COL) for Fighting (Major) at 19:56
Alex Vlasic (ANA) for Fighting (Major) at 19:56
Alex Vlasic (ANA) for instigated a fight (Minor) at 19:56
Alex Vlasic (ANA) for instigated a fight (10 Minutes Misconduct) at 19:56
Goalie Stats
Louis Domingue (ANA), 30 saves from 36 shots - (0,833), L, 5-5-4, 60:00 minutes
Collin Delia (COL), 14 saves from 15 shots - (0,933), W, 10-1-1, 60:00 minutes
3 StarsOfficial
1 - Gage Goncalves (COL)
2 - Lias Andersson (COL)
3 - Jonny Brodzinski (COL)
Referees : T.J. Luxmore and Carter Sandlak
Linesman : Travis Gawryletz and Sara Strong
Game Note
Vincent Arseneau is injured at 7:28 of 1st period (Left Knee)
Hendrix Lapierre beats up Kyle Clifford at 19:33 of 3rd period
Alex Vlasic beats up Ty Emberson at 19:56 of 3rd period



Team Name Goals Shots Shots Attemp Shots Blocked PIM HIT PP PK FO%
Gulls 11523726130 / 0 (0%132%
Eagles 63661310421 / 3 (33%)068%

Gulls
Player Name POS G A P +/- PIM HIT SHT SB MP PP MP PP SHT PK MP PK SHT FO% FOT GA TA
Alex VlasicD000-31910022:270:0000:5800% 000
Egor SokolovLW011-1202024:230:0000:2000% 400
Guillaume BriseboisD000000009:470:0000:5000% 000
Hendrix LapierreC1010502122:110:0000:48046% 1310
Jacob Bernard-DockerD000-1001123:460:0001:2900% 002
Jake LivingstoneD000-3011322:040:0001:2100% 000
Justin BaileyRW000-1020016:540:0000:000100% 100
Kale HowarthLW000-1010013:340:0000:5200% 001
Matthew KniesLW000-2013026:310:0001:18038% 802
Samuel BolducD0000000015:290:0000:0000% 001
Vincent ArseneauLW000001102:400:0000:0000% 000
Vitali KravtsovLW/RW000-4012123:180:0001:01030% 2001
Wyatt BongiovanniC000-2011118:360:0000:1300% 001
Xavier ParentC/LW/RW000-1010012:140:0000:0600% 200
Yanni KaldisD000-1012016:250:0000:0000% 000
Zach GiuttariD0000010014:590:0000:0000% 000
Zach SolowRW000001009:330:0000:0000% 100
Zach TsekosC000000002:460:0000:0000% 100
Eagles
Player Name POS G A P +/- PIM HIT SHT SB MP PP MP PP SHT PK MP PK SHT FO% FOT GA TA
Alex AlexeyevD0002052230:311:4700:0000% 010
Brett LeasonRW1010054018:021:2510:0000% 110
Gage GoncalvesLW2022054016:560:5400:0000% 010
Henrik BorgstromC0112003016:080:0000:00078% 900
Hunter SkinnerD0002031020:410:1700:0000% 020
Jasper WeatherbyC000004018:370:0000:0000% 000
Jett WooD0002030019:310:0000:0000% 000
John LudvigD0112030019:041:0000:0000% 000
Jonny BrodzinskiC1012023018:200:5400:00050% 210
Kyle CliffordLW0222531016:440:0000:0000% 210
Lauri PajuniemiRW0222013016:020:0000:0000% 100
Lias AnderssonC/LW1122023017:190:5400:00057% 700
Nils HoglanderLW/RW1120027019:041:2500:0000% 001
Ryker EvansD000002007:570:0000:0000% 000
Simon LundmarkD000000001:590:0000:0000% 000
Ty EmbersonD0000502020:161:3400:0000% 000
Tyler SikuraC011000108:370:0000:0000% 000
Zack MacEwenC/RW0220022024:101:2500:00079% 2810

Gulls

5 vs 5 Forward
Line #Left WingCenterRight WingPHYDFOFWanted %Time %Time Play
1Matthew KniesVitali KravtsovEgor Sokolov0144023%12:59
2Egor SokolovHendrix LapierreMatthew Knies0143518%10:32
3Matthew KniesEgor SokolovJustin Bailey1221511%6:30
4Vincent ArseneauMatthew KniesWyatt Bongiovanni1221048%27:40
5 vs 5 Defense
Line #DefenseDefensePHYDFOFWanted %Time %Time Play
1Alex VlasicJake Livingstone1224037%21:30
2Jacob Bernard-DockerYanni Kaldis1223028%16:08
3Samuel BolducZach Giuttari1222025%14:41
4Guillaume BriseboisJacob Bernard-Docker122109%5:22
Power Play Forward
Line #Left WingCenterRight WingPHYDFOFWanted %Time %Time Play
1Egor SokolovVitali KravtsovMatthew Knies005600%0:00
2Egor SokolovHendrix LapierreMatthew Knies014400%0:00
Power Play Defense
Line #DefenseDefensePHYDFOFWanted %Time %Time Play
1Jacob Bernard-DockerJake Livingstone122600%0:00
2Jacob Bernard-DockerAlex Vlasic122400%0:00
Penalty Kill 4 Players Forward
Line #CenterWingPHYDFOFWanted %Time %Time Play
1Matthew KniesEgor Sokolov12260100%2:19
2Matthew KniesEgor Sokolov122400%0:00
Penalty Kill 4 Players Defense
Line #DefenseDefensePHYDFOFWanted %Time %Time Play
1Jacob Bernard-DockerAlex Vlasic1226056%1:18
2Jacob Bernard-DockerJake Livingstone1224044%1:01
Penalty Kill 3 Players
Line #WingPHYDFOFWanted %Time %Time PlayDefenseDefensePHYDFOFWanted %Time %Time Play
1Egor Sokolov122600%0:00 Alex VlasicJacob Bernard-Docker122600%0:00
2Egor Sokolov122400%0:00 Jacob Bernard-DockerZach Giuttari122400%0:00
4 vs 4 Forward
Line #CenterWingPHYDFOFWanted %Time %Time Play
1Matthew KniesEgor Sokolov122600%0:00
2Matthew KniesEgor Sokolov122400%0:00
4 vs 4 Defense
Line #DefensePHYDFOFWanted %Time %Time Play
1Jacob Bernard-DockerJake Livingstone122600%0:00
2Jacob Bernard-DockerSamuel Bolduc122400%0:00
Last Minutes Offensive
Left WingCenterRight WingDefenseDefense
Matthew KniesVitali KravtsovEgor SokolovAlex VlasicJake Livingstone
Last Minutes Defensive
Left WingCenterRight WingDefenseDefense
Matthew KniesVitali KravtsovEgor SokolovAlex VlasicJake Livingstone
Time
Total ForwardTotal DefenseLast Minutes OffensiveLast Minutes Defensive
60:00 60:00 0:000:00
Extra Forwards
Normal PowerPlayPenalty Kill
Hendrix Lapierre, Egor Sokolov, Matthew KniesMatthew Knies, Egor SokolovEgor Sokolov
Extra Defensemen
Normal PowerPlayPenalty Kill
Yanni Kaldis, Jacob Bernard-Docker, Guillaume BriseboisAlex Vlasic, Jake LivingstoneJacob Bernard-Docker
Penalty Shots
Vitali Kravtsov, Justin Bailey, Hendrix Lapierre, Egor Sokolov, Matthew Knies
Goalie
Louis Domingue, Joey Daccord
Scratches
Andrew Poturalski (Broken Ribs Injury), Maxim Cajkovic (Healthy)

Eagles

5 vs 5 Forward
Line #Left WingCenterRight WingPHYDFOFWanted %Time %Time Play
1Nils HoglanderZack MacEwenBrett Leason1223429%16:37
2Kyle CliffordLias AnderssonJonny Brodzinski1223028%16:25
3Gage GoncalvesHenrik BorgstromLauri Pajuniemi0322628%16:02
4Zack MacEwenTyler SikuraJasper Weatherby1221015%8:37
5 vs 5 Defense
Line #DefenseDefensePHYDFOFWanted %Time %Time Play
1Alex AlexeyevTy Emberson1224032%18:43
2Alex AlexeyevJett Woo1223024%13:53
3Hunter SkinnerJohn Ludvig1222030%17:08
4Alex AlexeyevRyker Evans1221014%7:57
Power Play Forward
Line #Left WingCenterRight WingPHYDFOFWanted %Time %Time Play
1Nils HoglanderZack MacEwenBrett Leason1225561%1:25
2Gage GoncalvesLias AnderssonJonny Brodzinski1224539%0:54
Power Play Defense
Line #DefenseDefensePHYDFOFWanted %Time %Time Play
1Ty EmbersonAlex Alexeyev12260100%2:19
2Ty EmbersonAlex Alexeyev122400%0:00
Penalty Kill 4 Players Forward
Line #CenterWingPHYDFOFWanted %Time %Time Play
1Jonny BrodzinskiNils Hoglander122600%0:00
2Zack MacEwenGage Goncalves122400%0:00
Penalty Kill 4 Players Defense
Line #DefenseDefensePHYDFOFWanted %Time %Time Play
1Alex AlexeyevTy Emberson122600%0:00
2Alex AlexeyevJohn Ludvig122400%0:00
Penalty Kill 3 Players
Line #WingPHYDFOFWanted %Time %Time PlayDefenseDefensePHYDFOFWanted %Time %Time Play
1Zack MacEwen122600%0:00 Ty EmbersonAlex Alexeyev122600%0:00
2Jonny Brodzinski122400%0:00 Ty EmbersonHunter Skinner122400%0:00
4 vs 4 Forward
Line #CenterWingPHYDFOFWanted %Time %Time Play
1Zack MacEwenNils Hoglander122600%0:00
2Lias AnderssonBrett Leason122400%0:00
4 vs 4 Defense
Line #DefensePHYDFOFWanted %Time %Time Play
1Alex AlexeyevTy Emberson122600%0:00
2Alex AlexeyevTy Emberson122400%0:00
Last Minutes Offensive
Left WingCenterRight WingDefenseDefense
Nils HoglanderJonny BrodzinskiZack MacEwenAlex AlexeyevJett Woo
Last Minutes Defensive
Left WingCenterRight WingDefenseDefense
Zack MacEwenJonny BrodzinskiJasper WeatherbyAlex AlexeyevJett Woo
Time
Total ForwardTotal DefenseLast Minutes OffensiveLast Minutes Defensive
60:00 60:00 0:000:00
Extra Forwards
Normal PowerPlayPenalty Kill
Zack MacEwen, Nils Hoglander, Jonny BrodzinskiNils Hoglander, Zack MacEwenJonny Brodzinski
Extra Defensemen
Normal PowerPlayPenalty Kill
Alex Alexeyev, Jett Woo, Ty EmbersonJohn Ludvig, John LudvigAlex Alexeyev
Penalty Shots
Nils Hoglander, Jonny Brodzinski, Zack MacEwen, Lias Andersson, Gage Goncalves
Goalie
Collin Delia, Yaroslav Askarov
Scratches
Daniel Walcott (Healthy), Sampo Ranta (Healthy), Aleksandr Kisakov (Healthy), Evan Fitzpatrick (Healthy), Leevi Merilainen (Healthy)


Play-by-Play

1st period


0:01 of 1st period - Zack MacEwen wins face-off versus Vitali Kravtsov in neutral zone.
1:17 of 1st period - Wrist shot by Zack MacEwen.
1:17 of 1st period - Stopped by Louis Domingue with a rebound.
1:49 of 1st period - Matthew Knies is hit by Brett Leason and loses puck.
2:30 of 1st period - Egor Sokolov is hit by Alex Alexeyev and loses puck.
2:43 of 1st period - Wrist shot by Brett Leason.
2:43 of 1st period - Stopped by Louis Domingue without a rebound.
2:44 of 1st period - Zack MacEwen wins face-off versus Zach Solow in Gulls zone.
2:47 of 1st period - Wrist shot by Nils Hoglander.
2:47 of 1st period - Stopped by Louis Domingue with a rebound.
3:13 of 1st period - Matthew Knies is hit by Alex Alexeyev and loses puck.
3:22 of 1st period - Egor Sokolov is hit by Jonny Brodzinski and loses puck.
3:33 of 1st period - Wrist shot by Vincent Arseneau.
3:33 of 1st period - Stopped by Collin Delia without a rebound.
3:34 of 1st period - Henrik Borgstrom wins face-off versus Xavier Parent in Eagles zone.
3:34 of 1st period - Henrik Borgstrom is hit by Vincent Arseneau.
5:36 of 1st period - Wyatt Bongiovanni is hit by John Ludvig and loses puck.
5:53 of 1st period - Egor Sokolov is hit by Jett Woo and loses puck.
6:06 of 1st period - Tyler Sikura is hit by Vitali Kravtsov and loses puck.
6:47 of 1st period - Wrist shot by Henrik Borgstrom.
6:47 of 1st period - Stopped by Louis Domingue with a rebound.
7:27 of 1st period - Vincent Arseneau is hit by Jonny Brodzinski.
7:28 of 1st period - Vincent Arseneau from Gulls is injured at 7:28 of 1st period (Left Knee).
7:29 of 1st period - Hendrix Lapierre wins face-off versus Brett Leason in Gulls zone.
7:36 of 1st period - Slapshot by Hendrix Lapierre.
7:36 of 1st period - Shot Blocked by Alex Alexeyev.
7:38 of 1st period - Snap shot by Egor Sokolov.
7:38 of 1st period - Stopped by Collin Delia without a rebound.
7:39 of 1st period - Zack MacEwen wins face-off versus Egor Sokolov in Eagles zone.
7:39 of 1st period - Zack MacEwen is hit by Matthew Knies.
8:21 of 1st period - Wrist shot by Matthew Knies.
8:21 of 1st period - Stopped by Collin Delia without a rebound.
8:22 of 1st period - Matthew Knies wins face-off versus Jonny Brodzinski in Eagles zone.
8:27 of 1st period - Wrist shot by Vitali Kravtsov.
8:27 of 1st period - Stopped by Collin Delia with a rebound.
8:29 of 1st period - Slapshot by Jake Livingstone.
8:29 of 1st period - Stopped by Collin Delia with a rebound.
8:43 of 1st period - Snap shot by Gage Goncalves.
8:43 of 1st period - Shot Misses the Net.
8:45 of 1st period - Snap shot by Lauri Pajuniemi.
8:45 of 1st period - Stopped by Louis Domingue without a rebound.
8:46 of 1st period - Lias Andersson wins face-off versus Egor Sokolov in Gulls zone.
8:57 of 1st period - Wrist shot by Jonny Brodzinski.
8:57 of 1st period - Stopped by Louis Domingue with a rebound.
10:54 of 1st period - Wrist shot by Lias Andersson.
10:54 of 1st period - Shot Misses the Net.
11:28 of 1st period - Xavier Parent is hit by Hunter Skinner and loses puck.
11:45 of 1st period - Vitali Kravtsov is hit by Kyle Clifford and loses puck.
11:56 of 1st period - Egor Sokolov is hit by Ryker Evans and loses puck.
12:25 of 1st period - Samuel Bolduc is hit by Jasper Weatherby and loses puck.
12:52 of 1st period - Jacob Bernard-Docker is hit by Ryker Evans and loses puck.
13:36 of 1st period - Wrist shot by Zack MacEwen.
13:36 of 1st period - Stopped by Louis Domingue with a rebound.
14:02 of 1st period - Justin Bailey is hit by Nils Hoglander and loses puck.
14:13 of 1st period - Egor Sokolov is hit by Hunter Skinner and loses puck.
16:07 of 1st period - Icing by Lias Andersson.
16:08 of 1st period - Lias Andersson wins face-off versus Zach Tsekos in Eagles zone.
16:08 of 1st period - Lias Andersson is hit by Yanni Kaldis.
16:14 of 1st period - Zach Solow is hit by Nils Hoglander and loses puck.
17:04 of 1st period - Icing by Alex Alexeyev.
17:05 of 1st period - Hendrix Lapierre wins face-off versus Lias Andersson in Eagles zone.
17:22 of 1st period - Snap shot by Nils Hoglander.
17:22 of 1st period - Stopped by Louis Domingue without a rebound.
17:23 of 1st period - Lias Andersson wins face-off versus Vitali Kravtsov in Gulls zone.
17:28 of 1st period - Wrist shot by Lias Andersson.
17:28 of 1st period - Shot Blocked by Wyatt Bongiovanni.
17:30 of 1st period - Slapshot by Kyle Clifford.
17:30 of 1st period - Stopped by Louis Domingue with a rebound.
17:32 of 1st period - Snap shot by Jonny Brodzinski.
17:32 of 1st period - Stopped by Louis Domingue with a rebound.
17:34 of 1st period - Wrist shot by Jonny Brodzinski.
17:34 of 1st period - Shot Misses the Net.
17:38 of 1st period - Snap shot by Jonny Brodzinski.
17:38 of 1st period - Goal by Jonny Brodzinski - Gulls : 0 - Eagles : 1.
17:39 of 1st period - Zack MacEwen wins face-off versus Vitali Kravtsov in neutral zone.
17:54 of 1st period - Snap shot by Vitali Kravtsov.
17:54 of 1st period - Stopped by Collin Delia with a rebound.
18:04 of 1st period - Minor Penalty to Egor Sokolov for Hooking.
18:05 of 1st period - Zack MacEwen wins face-off versus Matthew Knies in Gulls zone.
Goals for this period are 0 for Gulls vs 1 for Eagles.
Shots for this period are 6 for Gulls vs 11 for Eagles.

2nd period


0:01 of 2nd period - Zack MacEwen wins face-off versus Matthew Knies in neutral zone.
0:04 of 2nd period - Penalty to Egor Sokolov is over, Egor Sokolov is back on ice.
0:27 of 2nd period - Egor Sokolov is hit by Alex Alexeyev.
1:14 of 2nd period - Icing by Matthew Knies.
1:15 of 2nd period - Henrik Borgstrom wins face-off versus Egor Sokolov in Gulls zone.
3:47 of 2nd period - Alex Alexeyev is hit by Xavier Parent and loses puck.
4:13 of 2nd period - Snap shot by Gage Goncalves.
4:13 of 2nd period - Stopped by Louis Domingue without a rebound.
4:14 of 2nd period - Hendrix Lapierre wins face-off versus Zack MacEwen in Gulls zone.
4:18 of 2nd period - Off-side.
4:19 of 2nd period - Zack MacEwen wins face-off versus Hendrix Lapierre in neutral zone.
4:27 of 2nd period - Wrist shot by Hendrix Lapierre.
4:27 of 2nd period - Stopped by Collin Delia without a rebound.
4:28 of 2nd period - Zack MacEwen wins face-off versus Vitali Kravtsov in Eagles zone.
4:54 of 2nd period - Matthew Knies is hit by Brett Leason and loses puck.
5:05 of 2nd period - Wrist shot by Nils Hoglander.
5:05 of 2nd period - Stopped by Louis Domingue without a rebound.
5:06 of 2nd period - Vitali Kravtsov wins face-off versus Kyle Clifford in Gulls zone.
5:11 of 2nd period - Jake Livingstone is hit by Kyle Clifford and loses puck.
5:20 of 2nd period - Matthew Knies is hit by Lias Andersson and loses puck.
5:58 of 2nd period - Slapshot by Egor Sokolov.
5:58 of 2nd period - Shot Blocked by Jasper Weatherby.
6:12 of 2nd period - Kyle Clifford is hit by Wyatt Bongiovanni and loses puck.
7:06 of 2nd period - Jacob Bernard-Docker is hit by Lias Andersson and loses puck.
7:11 of 2nd period - Snap shot by Lias Andersson.
7:11 of 2nd period - Stopped by Louis Domingue with a rebound.
7:45 of 2nd period - Guillaume Brisebois is hit by Gage Goncalves and loses puck.
8:02 of 2nd period - Alex Vlasic is hit by Alex Alexeyev and loses puck.
9:42 of 2nd period - Yanni Kaldis is hit by Lauri Pajuniemi and loses puck.
10:35 of 2nd period - Icing by Ryker Evans.
10:36 of 2nd period - Zack MacEwen wins face-off versus Vitali Kravtsov in Eagles zone.
11:30 of 2nd period - Zack MacEwen is hit by Justin Bailey and loses puck.
13:19 of 2nd period - Tyler Sikura is hit by Zach Solow and loses puck.
14:01 of 2nd period - Matthew Knies is hit by Brett Leason and loses puck.
14:51 of 2nd period - Icing by Jake Livingstone.
14:52 of 2nd period - Lias Andersson wins face-off versus Xavier Parent in Gulls zone.
14:55 of 2nd period - Wrist shot by Henrik Borgstrom.
14:55 of 2nd period - Stopped by Louis Domingue without a rebound.
14:56 of 2nd period - Vitali Kravtsov wins face-off versus Henrik Borgstrom in Gulls zone.
15:36 of 2nd period - Wrist shot by Zack MacEwen.
15:36 of 2nd period - Shot Misses the Net.
15:38 of 2nd period - Slapshot by Zack MacEwen.
15:38 of 2nd period - Shot Blocked by Hendrix Lapierre.
15:40 of 2nd period - Slapshot by Ty Emberson.
15:40 of 2nd period - Shot Misses the Net.
16:17 of 2nd period - Zach Giuttari is hit by Hunter Skinner and loses puck.
17:00 of 2nd period - Kyle Clifford is hit by Justin Bailey and loses puck.
17:15 of 2nd period - Justin Bailey is hit by Gage Goncalves and loses puck.
17:38 of 2nd period - Jacob Bernard-Docker is hit by Alex Alexeyev and loses puck.
18:52 of 2nd period - Slapshot by Nils Hoglander.
18:52 of 2nd period - Stopped by Louis Domingue with a rebound.
19:07 of 2nd period - Icing by Jake Livingstone.
19:08 of 2nd period - Justin Bailey wins face-off versus Henrik Borgstrom in Gulls zone.
19:19 of 2nd period - Egor Sokolov is hit by Brett Leason and loses puck.
19:37 of 2nd period - Icing by Jett Woo.
19:38 of 2nd period - Henrik Borgstrom wins face-off versus Matthew Knies in Eagles zone.
19:38 of 2nd period - Henrik Borgstrom is hit by Alex Vlasic.
19:52 of 2nd period - Snap shot by Lias Andersson.
19:52 of 2nd period - Stopped by Louis Domingue without a rebound.
19:53 of 2nd period - Hendrix Lapierre wins face-off versus Zack MacEwen in Gulls zone.
Goals for this period are 0 for Gulls vs 0 for Eagles.
Shots for this period are 1 for Gulls vs 6 for Eagles.

3rd period


0:01 of 3rd period - Zack MacEwen wins face-off versus Hendrix Lapierre in neutral zone.
0:04 of 3rd period - Snap shot by Nils Hoglander.
0:04 of 3rd period - Shot Misses the Net.
0:06 of 3rd period - Snap shot by Nils Hoglander.
0:06 of 3rd period - Shot Misses the Net.
0:08 of 3rd period - Snap shot by Ty Emberson.
0:08 of 3rd period - Shot Misses the Net.
0:10 of 3rd period - Snap shot by Nils Hoglander.
0:10 of 3rd period - Stopped by Louis Domingue with a rebound.
0:12 of 3rd period - Slapshot by Ty Emberson.
0:12 of 3rd period - Stopped by Louis Domingue without a rebound.
0:13 of 3rd period - Zack MacEwen wins face-off versus Vitali Kravtsov in Gulls zone.
0:24 of 3rd period - Wrist shot by Nils Hoglander.
0:24 of 3rd period - Deflect By Jacob Bernard-Docker.
0:24 of 3rd period - Shot Blocked by Vitali Kravtsov.
0:24 of 3rd period - Puck is out of play.
0:25 of 3rd period - Vitali Kravtsov wins face-off versus Zack MacEwen in Gulls zone.
0:44 of 3rd period - Egor Sokolov is hit by Zack MacEwen and loses puck.
1:03 of 3rd period - Snap shot by Jonny Brodzinski.
1:03 of 3rd period - Shot Blocked by Jake Livingstone.
1:05 of 3rd period - Slapshot by Hunter Skinner.
1:05 of 3rd period - Shot Blocked by Jake Livingstone.
1:07 of 3rd period - Slapshot by John Ludvig.
1:07 of 3rd period - Shot Blocked by Jake Livingstone.
1:55 of 3rd period - Lauri Pajuniemi is hit by Kale Howarth and loses puck.
2:22 of 3rd period - Snap shot by Alex Alexeyev.
2:22 of 3rd period - Stopped by Louis Domingue with a rebound.
2:41 of 3rd period - Off-side.
2:42 of 3rd period - Henrik Borgstrom wins face-off versus Hendrix Lapierre in neutral zone.
2:45 of 3rd period - Wrist shot by Lauri Pajuniemi.
2:45 of 3rd period - Stopped by Louis Domingue with a rebound.
3:03 of 3rd period - Matthew Knies is hit by John Ludvig and loses puck.
3:12 of 3rd period - Wrist shot by Lauri Pajuniemi.
3:12 of 3rd period - Shot Misses the Net.
3:14 of 3rd period - Slapshot by Hunter Skinner.
3:14 of 3rd period - Deflect By Henrik Borgstrom.
3:14 of 3rd period - Stopped by Louis Domingue with a rebound.
3:16 of 3rd period - Slapshot by Hunter Skinner.
3:16 of 3rd period - Shot Misses the Net.
3:46 of 3rd period - Justin Bailey is hit by John Ludvig and loses puck.
3:53 of 3rd period - Snap shot by Zack MacEwen.
3:53 of 3rd period - Shot Misses the Net.
3:55 of 3rd period - Slapshot by Brett Leason.
3:55 of 3rd period - Stopped by Louis Domingue without a rebound.
3:56 of 3rd period - Zack MacEwen wins face-off versus Matthew Knies in Gulls zone.
4:21 of 3rd period - Zach Giuttari is hit by Jasper Weatherby and loses puck.
4:48 of 3rd period - Wrist shot by Lias Andersson.
4:48 of 3rd period - Shot Misses the Net.
5:04 of 3rd period - Jacob Bernard-Docker is hit by Jett Woo and loses puck.
6:11 of 3rd period - Jake Livingstone is hit by Zack MacEwen and loses puck.
6:55 of 3rd period - Snap shot by Guillaume Brisebois.
6:55 of 3rd period - Shot Misses the Net.
7:15 of 3rd period - Hendrix Lapierre is hit by Jasper Weatherby and loses puck.
8:18 of 3rd period - Hendrix Lapierre is hit by Gage Goncalves and loses puck.
9:12 of 3rd period - Icing by Gage Goncalves.
9:13 of 3rd period - Vitali Kravtsov wins face-off versus Lauri Pajuniemi in Eagles zone.
10:00 of 3rd period - Xavier Parent is hit by Gage Goncalves and loses puck.
10:35 of 3rd period - Jacob Bernard-Docker is hit by Jasper Weatherby and loses puck.
10:47 of 3rd period - Off-side.
10:48 of 3rd period - Jonny Brodzinski wins face-off versus Hendrix Lapierre in neutral zone.
11:01 of 3rd period - Snap shot by Jonny Brodzinski.
11:01 of 3rd period - Shot Misses the Net.
11:03 of 3rd period - Slapshot by Alex Alexeyev.
11:03 of 3rd period - Stopped by Louis Domingue with a rebound.
11:05 of 3rd period - Wrist shot by Nils Hoglander.
11:05 of 3rd period - Stopped by Louis Domingue without a rebound.
11:06 of 3rd period - Henrik Borgstrom wins face-off versus Vitali Kravtsov in Gulls zone.
11:11 of 3rd period - Slapshot by Gage Goncalves.
11:11 of 3rd period - Goal by Gage Goncalves - Gulls : 0 - Eagles : 2.
11:12 of 3rd period - Zack MacEwen wins face-off versus Hendrix Lapierre in neutral zone.
11:17 of 3rd period - Snap shot by Brett Leason.
11:17 of 3rd period - Stopped by Louis Domingue without a rebound.
11:18 of 3rd period - Zack MacEwen wins face-off versus Hendrix Lapierre in Gulls zone.
11:23 of 3rd period - Wrist shot by Brett Leason.
11:23 of 3rd period - Shot Misses the Net.
11:34 of 3rd period - Snap shot by Hendrix Lapierre.
11:34 of 3rd period - Goal by Hendrix Lapierre - Gulls : 1 - Eagles : 2.
11:35 of 3rd period - Zack MacEwen wins face-off versus Vitali Kravtsov in neutral zone.
11:38 of 3rd period - Slapshot by Ty Emberson.
11:38 of 3rd period - Stopped by Louis Domingue without a rebound.
11:39 of 3rd period - Zack MacEwen wins face-off versus Vitali Kravtsov in Gulls zone.
11:51 of 3rd period - Snap shot by Nils Hoglander.
11:51 of 3rd period - Goal by Nils Hoglander - Gulls : 1 - Eagles : 3.
11:52 of 3rd period - Zack MacEwen wins face-off versus Vitali Kravtsov in neutral zone.
12:00 of 3rd period - Off-side.
12:01 of 3rd period - Zack MacEwen wins face-off versus Vitali Kravtsov in neutral zone.
12:25 of 3rd period - Snap shot by Matthew Knies.
12:25 of 3rd period - Stopped by Collin Delia with a rebound.
12:27 of 3rd period - Slapshot by Yanni Kaldis.
12:27 of 3rd period - Stopped by Collin Delia with a rebound.
12:29 of 3rd period - Wrist shot by Yanni Kaldis.
12:29 of 3rd period - Deflect By Matthew Knies.
12:29 of 3rd period - Shot Blocked by Alex Alexeyev.
12:29 of 3rd period - Puck is out of play.
12:30 of 3rd period - Hendrix Lapierre wins face-off versus Lias Andersson in Eagles zone.
12:31 of 3rd period - Snap shot by Matthew Knies.
12:31 of 3rd period - Stopped by Collin Delia without a rebound.
12:32 of 3rd period - Hendrix Lapierre wins face-off versus Lias Andersson in Eagles zone.
12:45 of 3rd period - Snap shot by Lias Andersson.
12:45 of 3rd period - Shot Misses the Net.
12:57 of 3rd period - Hendrix Lapierre is hit by Gage Goncalves and loses puck.
13:40 of 3rd period - Snap shot by Lias Andersson.
13:40 of 3rd period - Shot Misses the Net.
13:42 of 3rd period - Wrist shot by Kyle Clifford.
13:42 of 3rd period - Deflect By Lias Andersson.
13:42 of 3rd period - Goal by Lias Andersson - Gulls : 1 - Eagles : 4.
13:43 of 3rd period - Vitali Kravtsov wins face-off versus Zack MacEwen in neutral zone.
13:46 of 3rd period - Backhand shot by Jacob Bernard-Docker.
13:46 of 3rd period - Stopped by Collin Delia with a rebound.
13:48 of 3rd period - Backhand shot by Yanni Kaldis.
13:48 of 3rd period - Stopped by Collin Delia with a rebound.
13:50 of 3rd period - Slapshot by Jacob Bernard-Docker.
13:50 of 3rd period - Shot Misses the Net.
13:52 of 3rd period - Slapshot by Yanni Kaldis.
13:52 of 3rd period - Shot Misses the Net.
13:54 of 3rd period - Snap shot by Vitali Kravtsov.
13:54 of 3rd period - Shot Misses the Net.
13:56 of 3rd period - Slapshot by Matthew Knies.
13:56 of 3rd period - Deflect By Egor Sokolov.
13:56 of 3rd period - Stopped by Collin Delia with a rebound.
14:55 of 3rd period - Wrist shot by Tyler Sikura.
14:55 of 3rd period - Stopped by Louis Domingue with a rebound.
14:57 of 3rd period - Snap shot by Gage Goncalves.
14:57 of 3rd period - Shot Misses the Net.
14:59 of 3rd period - Slapshot by Lauri Pajuniemi.
14:59 of 3rd period - Stopped by Louis Domingue with a rebound.
15:01 of 3rd period - Wrist shot by Gage Goncalves.
15:01 of 3rd period - Goal by Gage Goncalves - Gulls : 1 - Eagles : 5.
15:02 of 3rd period - Zack MacEwen wins face-off versus Vitali Kravtsov in neutral zone.
15:30 of 3rd period - Yanni Kaldis is hit by Jett Woo and loses puck.
16:17 of 3rd period - Slapshot by Wyatt Bongiovanni.
16:17 of 3rd period - Stopped by Collin Delia with a rebound.
16:19 of 3rd period - Wrist shot by Xavier Parent.
16:19 of 3rd period - Shot Misses the Net.
16:50 of 3rd period - John Ludvig is hit by Zach Giuttari.
16:54 of 3rd period - Matthew Knies is hit by Brett Leason and loses puck.
17:21 of 3rd period - Slapshot by Hunter Skinner.
17:21 of 3rd period - Stopped by Louis Domingue with a rebound.
17:39 of 3rd period - Matthew Knies is hit by Kyle Clifford and loses puck.
17:43 of 3rd period - Icing by Jacob Bernard-Docker.
17:44 of 3rd period - Matthew Knies wins face-off versus Kyle Clifford in Gulls zone.
17:54 of 3rd period - Icing by Gage Goncalves.
17:55 of 3rd period - Henrik Borgstrom wins face-off versus Egor Sokolov in Eagles zone.
17:55 of 3rd period - Henrik Borgstrom is hit by Jake Livingstone.
18:51 of 3rd period - Icing by Yanni Kaldis.
18:52 of 3rd period - Henrik Borgstrom wins face-off versus Hendrix Lapierre in Gulls zone.
18:57 of 3rd period - Wrist shot by Lauri Pajuniemi.
18:57 of 3rd period - Shot Misses the Net.
18:59 of 3rd period - Snap shot by Henrik Borgstrom.
18:59 of 3rd period - Deflect By Gage Goncalves.
18:59 of 3rd period - Stopped by Louis Domingue without a rebound.
19:00 of 3rd period - Zack MacEwen wins face-off versus Vitali Kravtsov in Gulls zone.
19:28 of 3rd period - Slapshot by Hunter Skinner.
19:28 of 3rd period - Shot Blocked by Jacob Bernard-Docker.
19:33 of 3rd period - Hendrix Lapierre beats up Kyle Clifford.
19:33 of 3rd period - Penalty to Kyle Clifford for Fighting.
19:33 of 3rd period - Penalty to Hendrix Lapierre for Fighting.
19:34 of 3rd period - Zack MacEwen wins face-off versus Vitali Kravtsov in Gulls zone.
19:38 of 3rd period - Minor Penalty to Alex Vlasic for Roughing.
19:39 of 3rd period - Matthew Knies wins face-off versus Zack MacEwen in Gulls zone.
19:55 of 3rd period - Snap shot by Brett Leason.
19:55 of 3rd period - Goal by Brett Leason - Gulls : 1 - Eagles : 6.
19:56 of 3rd period - Vitali Kravtsov wins face-off versus Zack MacEwen in neutral zone.
19:56 of 3rd period - Alex Vlasic beats up Ty Emberson.
19:56 of 3rd period - Penalty to Ty Emberson for Fighting.
19:56 of 3rd period - Penalty to Alex Vlasic for Fighting.
19:56 of 3rd period - Penalty to Alex Vlasic for instigated a fight.
19:56 of 3rd period - Penalty to Alex Vlasic for instigated a fight.
19:57 of 3rd period - Zack MacEwen wins face-off versus Matthew Knies in neutral zone.
Goals for this period are 1 for Gulls vs 5 for Eagles.
Shots for this period are 8 for Gulls vs 19 for Eagles.